 Dungeon Crawl Stone Soup version 0.30-a0-377-g5cb311bc9f (webtiles) character file.

Game seed: 18206446279800505634

515 qeuew the Gusty (level 7, -2/36 HPs)
             Began as a Tengu Air Elementalist on Nov 29, 2022.
             Slain by a water moccasin (5 damage)
             ... on level 5 of the Dungeon.
             The game lasted 00:08:04 (6219 turns).

qeuew the Gusty (Tengu Air Elementalist)            Turns: 6219, Time: 00:08:04

Health: -2/36      AC:  2    Str:  5 (9)  XL:     7   Next: 20%
Magic:  10/23      EV: 16    Int: 17 (18) God:
Gold:   169        SH:  4    Dex: 15 (17) Spells: 8/14 levels left

rFire   . . .      SeeInvis .    (no weapon)
rCold   . . .      Faith    .    (no shield)
rNeg    . . .      Spirit   .    a - +0 robe
rPois   .          Reflect  .    (helmet restricted)
rElec   .          Harm     .    (no cloak)
rCorr   .          Rampage  .    (no gloves)
Will    .....                    (boots unavailable)
Stlth   +.........               (no amulet)
HPRegen 0.26/turn                e - ring of magical power
MPRegen 0.18/turn                (no ring)

@: lit by a corona, flying quickly and evasively, glowing, quick
A: beak, talons 3, nimble flight, large bone plates 1, agile 1, clever 1,
deterioration 1
a: no special abilities


You were on level 5 of the Dungeon.
You visited 1 branch of the dungeon, and saw 5 of its levels.
You also visited: Ossuary.

You collected 169 gold pieces.

Inventory:

Armour
 a - a +0 robe (worn)
Jewellery
 e - a ring of magical power (left hand)
Wands
 k - a wand of mindburst (18)
Scrolls
 d - a scroll of brand weapon
 f - a scroll of identify
 n - a scroll of teleportation
 s - a scroll of magic mapping
Potions
 b - 2 potions of cancellation
 c - 2 potions of heal wounds
 h - a potion of might
 j - 2 potions of ambrosia
 o - a potion of magic
 p - a potion of invisibility
 q - 2 potions of curing


   Skills:
 + Level 2.7 Armour
 + Level 3.8 Dodging
 - Level 2.0 Stealth
 * Level 4.3 Spellcasting
 + Level 4.0 Conjurations
 + Level 5.6 Air Magic
 + Level 0.7 Evocations


You had 8 spell levels left.
You knew the following spells:

 Your Spells              Type           Power      Damage    Failure   Level
a - Shock                 Conj/Air       80%        1d8       2%          1
b - Static Discharge      Conj/Air       40%        2-4/arc   3%          2
c - Swiftness             Air            22%        N/A       4%          3

Your spell library contained the following spells:

 Spells                   Type           Power      Damage    Failure   Level
 Poisonous Vapours        Pois/Air       26%        N/A       8%          2
 Cigotuvi's Dreadful Rot  Necr/Pois/Air  20%        N/A       11%         2
 Mephitic Cloud           Conj/Pois/Air  14%        N/A       12%         3
 Airstrike                Air            11%        2d(2-18)  16%         4
 Ozocubu's Armour         Ice            3%         N/A       41%         3
 Irradiate                Conj/Tmut      5%         3d13      88%         5
 Blade Hands              Tmut           1%         N/A       99%         5
 Dragon Form              Tmut           1%         N/A       100%        7
 Ozocubu's Refrigeration  Ice            1%         4d7       100%        7


Dungeon Overview and Level Annotations

Branches:
Dungeon (5/15)            Ossuary (visited)
 Temple: D:4-7

Altars:
Cheibriados

Annotations:
D:2 1 runed translucent door, Crazy Yiuf
D:4 3 runed translucent doors, Darkkill's ghost, amateur MiHu


Innate Abilities, Weirdness & Mutations

You have a beak for a mouth.
You have claws for feet.
Your magical nature lets you fly swiftly and evasively.
You are partially covered in large bone plates. (SH +4)
You are agile. (Dex +4, Str/Int -1)
Your mind is acute. (Int +4, Str/Dex -1)
Your body sometimes deteriorates upon taking damage.


Message History

You block the ufetubus's attack.
Aiming: Shock (safe; 2% risk of failure)
Press: ? - help, Q - select action, (/) - cycle Shift-Dir - straight line, f/p - ufetubus
Aim: an ufetubus (moderately wounded, 53% to hit)
The zap hits the ufetubus.
The ufetubus is heavily wounded.
The zap misses the water moccasin.
The ufetubus hits you. The ufetubus misses you. The ufetubus barely misses you.
The ufetubus misses you.
Aiming: Shock (safe; 2% risk of failure)
Press: ? - help, Q - select action, (/) - cycle Shift-Dir - straight line, f/p - ufetubus
Aim: an ufetubus (heavily wounded, 53% to hit)
The zap hits the ufetubus.
The ufetubus is severely wounded.
The zap hits the water moccasin.
The water moccasin is severely wounded.
The ufetubus hits you.
* * * LOW HITPOINT WARNING * * *
The ufetubus hits you.
* * * LOW HITPOINT WARNING * * *
Casting: Shock (safe; 2% risk of failure)
Confirm with . or Enter, or press ? or * to list all spells.
The ufetubus is struck by an arc of lightning.
You kill the ufetubus!
You are struck by an arc of lightning.
* * * LOW HITPOINT WARNING * * *
The lightning grounds out.
The water moccasin completely misses you.
Casting: Static Discharge (safe; 3% risk of failure)
Confirm with . or Enter, or press ? or * to list all spells.
The water moccasin is struck by an arc of lightning.
The water moccasin is almost dead.
You are struck by an arc of lightning.
* * * LOW HITPOINT WARNING * * *
The water moccasin is struck by an arc of lightning.
The water moccasin is almost dead.
You are struck by an arc of lightning.
* * * LOW HITPOINT WARNING * * *
The lightning grounds out.
The water moccasin bites you.
You die...

#.#.#
###########.######
#.#.# #.# #...#
###.# ##..# #...#
#..# ########.###
#..# .........#
#..# ########.#
###..# #.# .....#
#@# ###.## #S# # #
#.# #.#.##### #
#.# #.)...... #
... #.#.##### #
... ..#.# # ....
#### # #..... #


You could see a water moccasin.

Vanquished Creatures
  3 scorpions
  Dowan (D:5)
  2 iguanas (D:4)
  An orc wizard (D:4)
  A mummy (Ossuary)
  4 adders
  2 ufetubi (D:5)
  4 dart slugs
  7 orcs
  3 spectral bats (Ossuary)
  9 ball pythons
  7 bats
  5 endoplasms
  7 giant cockroaches
  12 gnoll zombies (Ossuary)
  10 goblins
  7 hobgoblins
  8 jackals
  5 quokkas
  3 bat simulacra (Ossuary)
  4 goblin simulacra (Ossuary)
  4 goblin zombies (Ossuary)
  5 hobgoblin zombies (Ossuary)
  5 kobolds
  4 kobold simulacra (Ossuary)
  3 kobold zombies (Ossuary)
  6 orc zombies (Ossuary)
  5 rats
  A rat simulacrum (Ossuary)
  2 spectral goblins (Ossuary)
  3 spectral kobolds (Ossuary)
  4 spectral rats (Ossuary)
147 creatures vanquished.

Notes
Turn   | Place    | Note
-------+----------+-------------------------------------------
     0 | D:1      | qeuew the Tengu Air Elementalist began the quest for the
                  | Orb.
     0 | D:1      | Reached XP level 1. HP: 10/10 MP: 4/4
   137 | D:1      | Reached XP level 2. HP: 15/15 MP: 3/6
   705 | D:1      | Reached XP level 3. HP: 19/19 MP: 5/7
  1190 | D:1      | Gained mutation: Your mind is acute. (Int +4, Str/Dex -1)
                  | [potion of mutation]
  1190 | D:1      | Gained mutation: Your body sometimes deteriorates upon
                  | taking damage. [potion of mutation]
  1190 | D:1      | Gained mutation: You are agile. (Dex +4, Str/Int -1)
                  | [potion of mutation]
  1190 | D:1      | Gained mutation: You are partially covered in large bone
                  | plates. (SH +4) [potion of mutation]
  1264 | D:1      | Learned a level 2 spell: Static Discharge
  1268 | D:1      | Learned a level 3 spell: Swiftness
  1426 | D:2      | Reached skill level 1 in Armour
  1581 | D:2      | Found a faded altar of an unknown god.
  2236 | D:2      | Found a runed translucent door.
  2237 | D:2      | Noticed Crazy Yiuf
  2374 | D:3      | Reached XP level 4. HP: 24/24 MP: 5/9
  3413 | D:4      | Found a snail-covered altar of Cheibriados.
  3459 | D:4      | Found a runed translucent gate.
  3459 | D:4      | Found a runed translucent gate.
  3461 | D:4      | Found a runed translucent gate.
  3508 | D:4      | Noticed a scorpion
  3516 | D:4      | Killed a scorpion
  3517 | D:4      | Gained mutation: Your magical nature lets you fly swiftly
                  | and evasively. [Tengu growth]
  3517 | D:4      | Reached XP level 5. HP: 28/28 MP: 1/11
  3685 | D:4      | Found a sand-covered staircase.
  3690 | Ossuary  | Entered an ossuary
  3968 | Ossuary  | Reached skill level 5 in Air Magic
  4616 | Ossuary  | Reached XP level 6. HP: 32/32 MP: 10/12
  5855 | D:4      | Noticed Darkkill's ghost (amateur MiHu)
  5878 | D:4      | Noticed an ice beast
  5906 | D:5      | Entered Level 5 of the Dungeon
  6021 | D:5      | Reached XP level 7. HP: 26/36 MP: 14/14
  6203 | D:5      | Noticed Dowan
  6211 | D:5      | Killed Dowan
  6219 | D:5      | Slain by a water moccasin

Illustrated notes

Levels and vault maps discovered:
D:1:      psy_arrival_radial02, layout_basic
D:2:      layout_loops_ring, hellmonk_ecumenical_altar_crossroads,
          uniq_crazy_yiuf_cottage
D:3:      layout_loops_cross
D:4:      layout_basic, cheibriados_altar_1, enter_ossuary_2,
          gammafunk_ghost_icy, ebering_dispersal_statue_hall, st_stairs_13,
          kennysheep_generic_room_7
D:5:      layout_loops_ring, serial_park_tiny_2, uniq_duvessa, uniq_edmund

Skill      XL: |  1  2  3  4  5  6  7 |
---------------+----------------------+-----
Conjurations   | 2 3 4 |  4.0
Armour         | 1 2 |  2.7
Spellcasting   | 3 4 |  4.3
Dodging        | 3 |  3.8
Air Magic      | 5 |  5.6
Stealth        | |  2.0
Evocations     | |  0.7

Action                   |  1- 3 |  4- 6 |  7- 9 || total
-------------------------+-------+-------+-------++-------
Melee: Unarmed           |       |     2 |       ||     2
       Kick              |       |     1 |       ||     1
 Cast: Shock             |    98 |   224 |    11 ||   333
       Static Discharge  |       |     4 |     2 ||     6
  Use: Scroll            |     9 |     7 |       ||    16
       Potion            |     4 |     5 |       ||     9
 Stab: Distracted        |       |     1 |       ||     1
Armor: Robe              |       |    11 |     1 ||    12
Dodge: Dodged            |     5 |    57 |     9 ||    71
Block: Other             |       |     9 |     2 ||    11

Table legend: (Time is in decaauts)
 A = Elapsed time spent in this place.
 B = Non-inter-level travel time spent in this place.
 C = Inter-level travel time spent in this place.
 D = Time resting spent in this place.
 E = Time spent auto-exploring this place.
 F = Levels seen in this place.
 G = Mean time per level.
                   A        B        C        D        E       F      G
               +--------+--------+--------+--------+--------+-----+--------+
         Total |   6080 |   6016 |     64 |    148 |   4973 |   6 | 1013.3 |
       Dungeon |   4950 |   4886 |     64 |    148 |   4073 |   5 |  990.0 |
       Ossuary |   1129 |   1129 |      0 |      0 |    900 |   1 | 1129.0 |
               +--------+--------+--------+--------+--------+-----+--------+

Top non-repeatable levels by time:
     D:1: 1270 daAuts
     D:4: 1257 daAuts
 Ossuary: 1129 daAuts
     D:2: 1079 daAuts
     D:3: 1051 daAuts
     D:5: 292 daAuts
